 Dungeon Crawl Stone Soup version 0.24.0-13-gcf9b3192b9 (webtiles) character file.

Game seed: 13263457587903848828, levelgen mode: deterministic

116 Iamsoldier the Digger (level 5, -1/28 HPs)
             Began as a Gargoyle Earth Elementalist on Nov 9, 2019.
             Killed by divine providence
             ... invoked by an orc priest
              (14 damage)
             ... on level 3 of the Dungeon.
             The game lasted 00:05:59 (2603 turns).

Iamsoldier the Digger (Gargoyle Earth Elementalist) Turns: 2603, Time: 00:05:59

Health: -1/28      AC: 10    Str: 11    XL:     5   Next: 0%
Magic:  9/9        EV: 12    Int: 17    God:
Gold:   158        SH:  0    Dex: 10    Spells: 1/10 levels left

rFire    + . .     SeeInvis .   j - +0 mace
rCold    + . .     Gourm    .   (no shield)
rNeg     + . .     Faith    .   c - +0 robe
rPois    ∞         Spirit   .   l - +2 helmet
rElec    +         Reflect  .   (no cloak)
rCorr    .         Harm     .   (no gloves)
MR       .....                  s - +0 pair of boots
Stlth    ++........             p - amulet of magic regeneration
HPRegen  0.09/turn              f - ring of protection from fire
MPRegen  0.36/turn              a - ring of protection from cold

@: no status effects
A: negative energy resistance 1, electricity resistance, unbreathing,
petrification resistance, rot immunity, AC +4
a: no special abilities


You were on level 3 of the Dungeon.
You were not hungry.

You visited 1 branch of the dungeon, and saw 3 of its levels.

You collected 158 gold pieces.

Inventory:

Hand Weapons
 j - a +0 mace (weapon)
Missiles
 b - 87 stones (quivered)
Armour
 c - a +0 robe (worn)
 l - a +2 helmet (worn)
 s - a +0 pair of boots (worn)
Jewellery
 a - a ring of protection from cold (right hand)
 f - a ring of protection from fire (left hand)
 p - an amulet of magic regeneration (around neck)
Wands
 t - a wand of polymorph (6)
Scrolls
 e - 5 scrolls of identify {unknown}
 g - 2 scrolls of fog {unknown}
 k - a scroll of magic mapping {unknown}
 m - a scroll of remove curse {unknown}
 n - a scroll of noise {unknown}
 r - a scroll of teleportation {unknown}
 u - 2 scrolls of amnesia {unknown}
Potions
 h - a potion of heal wounds {unknown}
 i - a potion of curing {unknown}
 o - a potion of lignification {unknown}
Comestibles
 d - 5 rations
 q - a chunk of flesh


   Skills:
 - Level 1.5 Dodging
 - Level 2.1 Stealth
 + Level 3.2 Spellcasting
 + Level 1.9 Conjurations
   Level 0.7 Transmutations
 + Level 5.0 Earth Magic


You had one spell level left.
You knew the following spells:

 Your Spells              Type           Power        Failure   Level  Hunger
a - Sandblast             Erth           ###...       2%          1    None
b - Stone Arrow           Conj/Erth      ##....       12%         3    ###....
c - Lee's Rapid Deconstr  Erth           ###.......   52%         5    ######.

Your spell library contained the following spells:

 Spells                   Type           Power        Failure   Level  Hunger
 Passwall                 Tmut/Erth      ##......     8%          2    ##.....
 Petrify                  Tmut/Erth      ##......     45%         4    ####...


Dungeon Overview and Level Annotations

Branches:
Dungeon (3/15)

Altars:
Kikubaaqudgha
Okawaru
The Shining One


Innate Abilities, Weirdness & Mutations

You are resistant to torment.
Your stone body is resilient. (AC +4)
You are immune to poison.
You resist negative energy. (rN+)
You are resistant to electric shocks. (rElec)
You can survive without breathing.
You are immune to petrification.
You are immune to rotting.


Message History

The orc priest begins to cast a cantrip, but forgets the words!
The orc hits you with a +0 short sword.
You barely miss the orc.
The orc is almost dead.
The orc hits you but does no damage. The orc closely misses you.
The orc priest begins to cast a cantrip, but forgets the words!
The orc priest calls down the wrath of Beogh upon you.
Beogh smites you!
You barely miss the orc.
The orc is almost dead.
The orc hits you with a +0 short sword.
You closely miss the orc.
The orc is almost dead.
The orc hits you but does no damage. The orc hits you but does no damage.
An adder comes into view.
The orc priest calls down the wrath of Beogh upon you.
Beogh smites you!
Ouch! That really hurt!
You die...

##### ####### #..
#.....##.....## ...
..............#####.#
...............##...
...........<...#..#####..
..$......................
.........S.......(#
..............).###
[..............@.o###
...............##o.o##
......##....÷).####o.#
....## #####..## ##.# ...
...## #.# .. ..#### #.# #
... #.# .. #o# # . ####o#
.#


You could see an orc priest, an adder (wandering) and 3 orcs.

Vanquished Creatures
  2 adders (D:2)
  2 gnolls (D:2)
  A worm (D:3)
  3 dart slugs
  3 leopard geckos
  2 orcs
  7 bats
  7 giant cockroaches
  9 goblins
  5 hobgoblins
  3 jackals (D:1)
  A ball python (D:1)
  7 frilled lizards
  5 kobolds
  7 rats
64 creatures vanquished.

Notes
Turn   | Place    | Note
-------+----------+-------------------------------------------
     0 | D:1      | Iamsoldier the Gargoyle Earth Elementalist began the quest
                  | for the Orb.
     0 | D:1      | Reached XP level 1. HP: 10/10 MP: 3/3
   200 | D:1      | Reached XP level 2. HP: 15/15 MP: 3/5
   202 | D:1      | Reached skill level 4 in Earth Magic
   735 | D:1      | Reached XP level 3. HP: 6/19 MP: 2/6
   740 | D:1      | Learned a level 3 spell: Stone Arrow
  1773 | D:2      | Found a glowing golden altar of the Shining One.
  1855 | D:2      | Found an ancient bone altar of Kikubaaqudgha.
  1862 | D:2      | Reached skill level 1 in Conjurations
  1869 | D:2      | Reached XP level 4. HP: 18/24 MP: 8/8
  2003 | D:2      | Found an iron altar of Okawaru.
  2194 | D:2      | Reached skill level 5 in Earth Magic
  2565 | D:3      | Reached XP level 5. HP: 28/28 MP: 7/9
  2572 | D:3      | Learned a level 5 spell: Lee's Rapid Deconstruction
  2603 | D:3      | Killed from afar by an orc priest

Levels and vault maps discovered:
D:1:      lightli_arrival_boilingwater, layout_basic
D:2:      layout_loops_ring, nicolae_tso_carved_into_rock,
          kiku_gazebo_garden_becter, okawaru_altar_gauntlet_db, first_ration
D:3:      layout_rooms, old_standard_altar

Skill      XL: |  1  2  3  4 |
---------------+-------------+-----
Earth Magic    | 4 5 |  5.0
Conjurations   | 1 |  1.9
Spellcasting   | 3 |  3.2
Dodging        | |  1.5
Stealth        | |  2.1
Transmutations | |  0.7

Action                   |  1- 3 |  4- 6 || total
-------------------------+-------+-------++-------
Melee: Unarmed           |    70 |       ||    70
       Mace              |    84 |    83 ||   167
 Cast: Sandblast         |    15 |    11 ||    26
 Stab: Sleeping          |     3 |     3 ||     6
  Eat: Chunk             |     3 |     3 ||     6
Armor: Robe              |    87 |    51 ||   138
Dodge: Dodged            |   140 |    74 ||   214
